[Event "38th Barczay Memorial 2019"]
[Site "Zalakaros"]
[Date "2019.05.30"]
[Round "8.8"]
[White "Hrbolka, Ladislav Jr."]
[Black "Persanyi, Barnabas"]
[Result "1/2-1/2"]
[ECO "C68"]
[WhiteElo "2203"]
[BlackElo "2404"]
[Annotator "ChessBase"]
[PlyCount "120"]
[EventDate "2019.05.23"]
[EventType "swiss"]
[EventCountry "HUN"]
[SourceTitle "playchess.com"]
[Source "ChessBase"]
[SourceQuality "1"]
[TimeControl "40/5400+30:1800+30"]

1. e4 e5 2. Nf3 Nc6 3. Bb5 a6 4. Bxc6 dxc6 5. d4 exd4 6. Qxd4 Qxd4 7. Nxd4 Bd7 8. Be3 O-O-O 9. Nd2 Ne7 10. O-O-O b6 11. f4 Ng6 12. N4f3 Bd6 13. f5 Ne5 14. Nxe5 Bxe5 15. Nf3 Rhe8 16. Rhe1 f6 17. Nxe5 Rxe5 18. Bf4 Re7 19. Re3 Rde8 20. Rde1 Rg8 21. g3 Rf7 22. g4 g6 23. fxg6 hxg6 24. g5 fxg5 25. Bxg5 Rf2 26. h4 c5 27. R3e2 Rgf8 28. e5 Rxe2 29. Rxe2 Rf1+ 30. Kd2 Bg4 31. Rg2 Bf5 32. c3 Kd7 33. Ke3 Ke6 34. Bf6 b5 35. Rd2 Rb1 36. Bd8 Re1+ 37. Re2 Ra1 38. a3 Kxe5 39. Bxc7+ Kd5 40. Kf4 Kc4 41. Bb6 Rg1 42. Rh2 Rf1+ 43. Ke5 Re1+ 44. Kd6 Re6+ 45. Kc7 Be4 46. b4 g5 47. Bxc5 g4 48. h5 g3 49. Rh4 g2 50. h6 Rc6+ 51. Kd7 Rxc5 52. Rxe4+ Kd3 53. Rg4 Rh5 54. Rxg2 Rxh6 55. Kc7 Kc4 56. Kb7 Kb3 57. Rg3 Kxa3 58. Rf3 Ka4 59. Rf1 Kb3 60. Rf3 Kc4 1/2-1/2

[Event "38th Barczay Memorial 2019"]
[Site "Zalakaros"]
[Date "2019.05.30"]
[Round "8.9"]
[White "Ianov, Viktor"]
[Black "Peczely, Sebastian Zsombor"]
[Result "1/2-1/2"]
[ECO "A06"]
[WhiteElo "2298"]
[BlackElo "2245"]
[Annotator "ChessBase"]
[PlyCount "115"]
[EventDate "2019.05.23"]
[EventType "swiss"]
[EventCountry "HUN"]
[SourceTitle "playchess.com"]
[Source "ChessBase"]
[SourceQuality "1"]
[TimeControl "40/5400+30:1800+30"]

1. Nf3 d5 2. g3 Nc6 3. Bg2 e5 4. d3 f6 5. c3 Be6 6. b4 Qd7 7. Qc2 Bh3 8. Bxh3 Qxh3 9. Nbd2 Nh6 10. e4 dxe4 11. dxe4 O-O-O 12. Bb2 Ng4 13. Ke2 g6 14. Rhg1 Bh6 15. Nb3 f5 16. b5 fxe4 17. Qxe4 Nd4+ 18. cxd4 exd4 19. Bxd4 Rhe8 20. Be5 Nxe5 21. Nxe5 Qh5+ 22. g4 Qxe5 23. Qxe5 Rxe5+ 24. Kf3 Rxb5 25. Rae1 a5 26. Re4 b6 27. Rge1 Rd3+ 28. Kg2 Rb4 29. Rxb4 axb4 30. Re8+ Rd8 31. Rxd8+ Kxd8 32. Kf3 Kd7 33. Ke4 Kd6 34. f4 c5 35. h4 Bg7 36. g5 c4 37. Nd2 b5 38. Nf3 Ke6 39. h5 b3 40. axb3 cxb3 41. hxg6 hxg6 42. Kd3 Kf5 43. Nh4+ Kxf4 44. Nxg6+ Kxg5 45. Ne7 Kf6 46. Nd5+ Ke5 47. Nc3 b4 48. Ne4 b2 49. Nd2 Kd5 50. Kc2 Bc3 51. Nf3 Ke4 52. Ng5+ Kf5 53. Nf7 Ke6 54. Ng5+ Kd5 55. Nf3 Bf6 56. Nd2 Bg7 57. Nf3 Ke4 58. Nd2+ 1/2-1/2

[Event "38th Barczay Memorial 2019"]
[Site "Zalakaros"]
[Date "2019.05.30"]
[Round "8.11"]
[White "Boguszlavszkij, Jevgenyij"]
[Black "Csonka, Attila Istvan"]
[Result "1/2-1/2"]
[ECO "B40"]
[WhiteElo "2196"]
[BlackElo "2376"]
[Annotator "ChessBase"]
[PlyCount "53"]
[EventDate "2019.05.23"]
[EventType "swiss"]
[EventCountry "HUN"]
[SourceTitle "playchess.com"]
[Source "ChessBase"]
[SourceQuality "1"]
[TimeControl "40/5400+30:1800+30"]

1. e4 c5 2. Nf3 e6 3. d3 Nc6 4. g3 h5 5. Bg2 Nge7 6. O-O Ng6 7. h4 d6 8. d4 cxd4 9. Nxd4 e5 10. Nf3 Bg4 11. Qd3 Qd7 12. Be3 f5 13. exf5 Bxf5 14. Qe2 Be7 15. Nc3 Bg4 16. Qd3 Bf5 17. Qd2 Nb4 18. Ne1 Nc6 19. Nd5 Bf6 20. Rd1 Rd8 21. Nf3 Nge7 22. c4 Nxd5 23. cxd5 Ne7 24. Ng5 Bxg5 25. Bxg5 Rc8 26. Rc1 O-O 27. Qe3 1/2-1/2